 Dungeon Crawl Stone Soup version 0.29.1-2-gbd0b4ee654 (webtiles) character file.

Game seed: 9189911471033648482

1912 kingsuperguy the Protected (level 8, -5/70 HPs)
             Began as a Minotaur Berserker on Nov 16, 2022.
             Was a Priest of Trog.
             Slain by a gnoll
             ... wielding a +0 spear
             ... led by a gnoll bouda
              (6 damage)
             ... on level 7 of the Dungeon.
             The game lasted 00:09:03 (5749 turns).

kingsuperguy the Protected (Minotaur Berserker)     Turns: 5749, Time: 00:09:04

Health: -5/70      AC: 11    Str: 25    XL:     8   Next: 95%
Magic:  7/7        EV:  9    Int:  4    God:    Trog [***...]
Gold:   250        SH:  0    Dex:  9    Spells: 7/7 levels left

rFire   . . .      SeeInvis .   l - +4 dagger
rCold   . . .      Faith    .   (no shield)
rNeg    . . .      Spirit   .   g - +0 chain mail
rPois   .          Reflect  .   (helmet restricted)
rElec   .          Harm     .   (no cloak)
rCorr   .          Rampage  .   (no gloves)
Will    .....                   (no boots)
Stlth   ..........              (no amulet)
HPRegen 0.21/turn               (no ring)
MPRegen 0.10/turn               (no ring)

@: mighty, brilliant, weakened, on berserk cooldown, hasted and slowed
A: horns 2, retaliatory headbutt
a: Renounce Religion, Berserk, Trog's Hand


You were on level 7 of the Dungeon.
You worshipped Trog.
Trog was most pleased with you.
You visited 1 branch of the dungeon, and saw 7 of its levels.

You collected 360 gold pieces.
You spent 110 gold pieces at shops.

Inventory:

Hand Weapons
 a - a +0 hand axe
 e - a +0 dagger of speed
 l - a +4 dagger (weapon)
 s - a +2 quarterstaff of chaos
 t - a +0 hammer
 A - a +1 flail of holy wrath
 N - a +2 long sword of holy wrath
Missiles
 q - 3 throwing nets (quivered)
 x - 5 atropa-tipped darts
 y - 16 poisoned darts
 G - 2 boomerangs
 H - a javelin
Armour
 b - a +0 animal skin
 g - a +0 chain mail (worn)
Jewellery
 h - an amulet of reflection
 L - a +4 ring of evasion
Wands
 J - a wand of roots (8)
 M - a wand of digging (4)
Scrolls
 c - 7 scrolls of identify {unknown}
 d - 3 scrolls of acquirement {unknown}
 f - a scroll of magic mapping {unknown}
 i - 2 scrolls of summoning {unknown}
 j - 3 scrolls of enchant armour {unknown}
 k - 2 scrolls of noise {unknown}
 m - a scroll of silence {unknown}
 u - a scroll of blinking {unknown}
 w - 2 scrolls of amnesia {unknown}
 B - a scroll of enchant weapon {unknown}
 C - a scroll of vulnerability {unknown}
 E - a scroll of butterflies {unknown}
 F - a scroll of teleportation {unknown}
Potions
 n - a potion of degeneration {unknown}
 o - 2 potions of brilliance
 p - a potion of lignification {unknown}
 r - a potion of attraction {unknown}
 v - a potion of haste
 z - a potion of might
 D - 3 potions of mutation {unknown}
 K - a potion of magic {unknown}


   Skills:
 + Level 6.2 Fighting
 * Level 8.0 Short Blades
 - Level 4.5 Axes
 + Level 0.2 Throwing
 + Level 9.0 Armour
 + Level 3.1 Dodging
 + Level 0.1 Stealth


You had 7 spell levels left.
You didn't know any spells.
Your spell library was empty.

Dungeon Overview and Level Annotations

Branches:
Dungeon (7/15)
 Temple: D:4-7

Altars:
Ashenzari
Cheibriados
Elyvilon
Gozag
Sif Muna
Trog
The Shining One

Shops:
D:5 (!


Innate Abilities, Weirdness & Mutations

You have a pair of horns on your head.
You reflexively headbutt those who attack you in melee.


Message History

The gnolls pick up the pace!
The gnoll hits you but does no damage.
The gnoll bouda hits you with a +0 club.
* * * LOW HITPOINT WARNING * * *
The gnoll bouda hits you with a +0 whip!
* * * LOW HITPOINT WARNING * * *
The gnoll barely misses you.
You feel mightier all of a sudden. The gnoll bouda misses you.
You furiously retaliate!
You headbutt the gnoll bouda!
The gnoll bouda utters an invocation to its god.
The gnoll bouda is healed somewhat.
The gnoll hits you but does no damage.
You hit the gnoll bouda. Your headbutt misses the gnoll bouda.
The gnoll bouda is almost dead.
The gnoll bouda hits you but does no damage.
The gnoll bouda hits you with a +0 whip!
* * * LOW HITPOINT WARNING * * *
The gnoll hits you but does no damage.
It was a potion of brilliance.
You feel clever all of a sudden. The gnoll bouda completely misses you.
You furiously retaliate!
You headbutt the gnoll bouda!
You kill the gnoll bouda!
Trog accepts your kill.
The gnoll bouda hits you but does no damage.
The gnoll closely misses you. The gnoll barely misses you.
You furiously retaliate!
You headbutt the gnoll.
The gnoll bouda hits you with a +0 whip.
* * * LOW HITPOINT WARNING * * *
The gnoll hits you from afar with a +0 spear.
* * * LOW HITPOINT WARNING * * *
Your Short Blades skill increases to level 8!
Okay, then.
Okay, then.
It was a potion of haste.
You feel yourself speed up. The gnoll hits you with a +0 club.
* * * LOW HITPOINT WARNING * * *
The gnoll bouda barely misses you.
The gnoll hits you from afar with a +0 spear.
You die...

........ ..#
........ ..#
.......####..#
#..........#
♣go♣))...♣
♣)og.g.♣
##♣g.gK♣
#g♣g♣♣ #♣@♣+
♣♣♣


You could see a kobold brigand, a gnoll bouda (swift), an orc priest and 5
gnolls.

Vanquished Creatures
  Pikel (D:4)
  Eustachio (D:5)
  Menkaure (D:4)
  A bullfrog (D:6)
  A kobold brigand (D:6)
  Blork the orc (D:4)
  A necrophage (D:5)
  5 scorpions
  2 orc priests
  Crazy Yiuf (D:3)
  3 gnoll boudas
  3 iguanas
  Terence (D:3)
  2 orc wizards
  6 adders
  12 gnolls
  2 worms (D:4)
  5 dart slugs
  7 orcs
  5 ball pythons
  4 bats
  6 endoplasms
  4 giant cockroaches
  10 hobgoblins
  3 jackals (D:1)
  3 quokkas (D:1)
  3 training dummies (D:5)
  6 frilled lizards
  10 goblins
  7 kobolds
  3 rats
120 creatures vanquished.

Vanquished Creatures (others)
  2 plants (D:7)
2 creatures vanquished.

Grand Total: 122 creatures vanquished

Notes
Turn   | Place    | Note
-------+----------+-------------------------------------------
     0 | D:1      | kingsuperguy the Minotaur Berserker began the quest for the
                  | Orb.
     0 | D:1      | Reached XP level 1. HP: 19/19 MP: 0/0
   186 | D:1      | Reached XP level 2. HP: 25/27 MP: 1/1
   579 | D:1      | Reached ** piety under Trog
   580 | D:1      | Reached XP level 3. HP: 33/33 MP: 2/2
  1029 | D:2      | Reached skill level 3 in Armour
  1175 | D:2      | Reached XP level 4. HP: 29/41 MP: 3/3
  1190 | D:2      | Reached skill level 1 in Short Blades
  1772 | D:3      | Found a runed translucent door.
  1773 | D:3      | Noticed Crazy Yiuf
  1979 | D:3      | Found a faded altar of an unknown god.
  2340 | D:3      | Noticed Terence
  2348 | D:3      | Killed Terence
  2349 | D:3      | Reached skill level 4 in Armour
  2349 | D:3      | Reached XP level 5. HP: 47/47 MP: 4/4
  2593 | D:3      | Killed Crazy Yiuf
  2765 | D:4      | Noticed Blork the orc
  2777 | D:4      | Killed Blork the orc
  2778 | D:4      | Reached skill level 5 in Armour
  2780 | D:4      | Reached XP level 6. HP: 41/55 MP: 5/5
  3062 | D:4      | Noticed Menkaure
  3069 | D:4      | Killed Menkaure
  3070 | D:4      | Reached skill level 5 in Fighting
  3368 | D:4      | Noticed Pikel
  3382 | D:4      | Killed Pikel
  3383 | D:4      | Reached skill level 6 in Armour
  3383 | D:4      | Reached XP level 7. HP: 61/61 MP: 6/6
  3641 | D:5      | Entered Level 5 of the Dungeon
  3641 | D:5      | Noticed Eustachio
  3650 | D:5      | Killed Eustachio
  3651 | D:5      | Reached skill level 7 in Armour
  3651 | D:5      | Reached XP level 8. HP: 69/69 MP: 7/7
  3936 | D:5      | Found a glowing golden altar of the Shining One.
  4372 | D:5      | Reached skill level 8 in Armour
  4515 | D:5      | Found Asuo's Firing Range.
  4610 | D:5      | Found a shimmering blue altar of Sif Muna.
  4612 | D:5      | Found a broken altar of Ashenzari.
  4619 | D:5      | Found an opulent altar of Gozag.
  4619 | D:5      | Found a snail-covered altar of Cheibriados.
  4626 | D:5      | Found a bloodstained altar of Trog.
  4693 | D:5      | Found Yleessim's Distillery.
  4701 | D:5      | Bought a potion of might for 44 gold pieces
  4701 | D:5      | Bought 2 potions of curing for 66 gold pieces
  5075 | D:6      | Found a white marble altar of Elyvilon.
  5724 | D:7      | Reached *** piety under Trog
  5729 | D:7      | Reached skill level 9 in Armour
  5748 | D:7      | HP: 3/70 [gnoll bouda/+0 whip (2)]
  5749 | D:7      | HP: 1/70 [gnoll/+0 club[a gnoll bouda] (1)]
  5749 | D:7      | Slain by a gnoll

Illustrated notes

Levels and vault maps discovered:
D:1:      minmay_arrival_three_doors, layout_loops_ring
D:2:      layout_rooms
D:3:      layout_loops_ring, chequers_ecumenical_altar_grove, uniq_terence,
          uniq_crazy_yiuf_cottage
D:4:      layout_rooms, uniq_pikel, uniq_blork_the_orc, uniq_menkaure
D:5:      layout_gridville, nicolae_overflow_hallway_of_the_gods,
          kennysheep_mini_moat, serial_shops, nicolae_shop_statue_plus,
          hangedman_decor_riveting, nicolae_shop_firing_range, uniq_eustachio
D:6:      layout_basic, mainiacjoe_overflow_alcove_1, minmay_crossroads
D:7:      kennysheep_seaside_town, layout_cave_pools, minmay_temple_entry_waves,
          serial_gnoll_camp, gnoll_camp_mini_sergeant, gnoll_camp_mini_hut,
          gnoll_camp_huts_basic, gnoll_camp_mini_hut, gnoll_camp_mini_basic,
          grunt_decor_mini_mirrors, minmay_circle_x

Skill      XL: |  1  2  3  4  5  6  7  8 |
---------------+-------------------------+-----
Fighting       | 4 5 6 |  6.2
Axes           | 4 |  4.5
Armour         | 3 4 5 6 7 9 |  9.0
Short Blades   | 1 2 6 8 |  8.0
Dodging        | 3 |  3.1
Throwing       | |  0.2
Stealth        | |  0.1

Action                   |  1- 3 |  4- 6 |  7- 9 || total
-------------------------+-------+-------+-------++-------
Melee: Hand axe          |    58 |       |       ||    58
       Headbutt          |    12 |    10 |    32 ||    54
       Dagger            |    15 |    96 |   176 ||   287
       Punch             |       |       |     1 ||     1
Throw: Dart              |       |       |     1 ||     1
       Throwing net      |       |       |     1 ||     1
Invok: Berserk           |       |     6 |     5 ||    11
  Use: Potion            |       |       |     6 ||     6
Armor: Animal skin       |     2 |       |       ||     2
       Chain mail        |    26 |    33 |    86 ||   145
Dodge: Dodged            |    38 |    52 |    72 ||   162
